 Dungeon Crawl Stone Soup version 0.17-a0-2064-g265a032 (webtiles) character file.

18 derrpe the Charmwright (level 2, -3/25 HPs)
             Began as a Centaur Skald on Oct 12, 2015.
             Slain by a kobold
             ... wielding a +0 mace
              (7 damage)
             ... on level 1 of the Dungeon.
             The game lasted 00:01:46 (722 turns).

derrpe the Charmwright (Centaur Skald)               Turns: 722, Time: 00:01:46

Health: -3/25      AC:  5    Str: 14    XL:     2   Next: 48%
Magic:  4/4        EV:  8    Int: 11    God:
Gold:   16         SH:  0    Dex:  8    Spells: 1 memorised, 3 levels left

rFire  . . .     SeeInvis .       - Unarmed
rCold  . . .     Clarity  .     h - +0 ring mail
rNeg   . . .     SustAt   .     (no shield)
rPois  .         Gourm    .     (no helmet)
rElec  .         Spirit   .     (no cloak)
rCorr  +         Warding  .     (no gloves)
rMut   .         Stasis   .     (no barding)
MR     .....                    g - amulet of resist corrosion
Stlth  ..........               (no ring)
                                (no ring)

@: very quick, not resistant to hostile enchantments, extremely unstealthy
A: hooves 3, deformed body, speed 2, tough skin 3
a: no special abilities


You were on level 1 of the Dungeon.
You were not hungry.

You visited 1 branch of the dungeon, and saw 1 of its levels.

You collected 16 gold pieces.

Inventory:

Hand Weapons
 j - a +0 short sword
Armour
 h - a +0 ring mail (worn)
Jewellery
 g - an amulet of resist corrosion (around neck)
Scrolls
 d - a scroll of noise {unknown}
 i - a scroll of magic mapping {unknown}
Potions
 e - a potion of curing {unknown}
Books
 b - a book of Battle

   Spells                             Type                      Level
   a - Infusion                       Charms                       1
   b - Shroud of Golubria             Charms/Translocation         2
   c - Song of Slaying                Charms                       2
   d - Spectral Weapon                Hexes/Charms                 3
   e - Regeneration                   Charms/Necromancy            3
Comestibles
 a - a beef jerky
 c - a bread ration {@e1}
 f - 5 chunks of flesh {@w0}


   Skills:
 + Level 2.6 Fighting
 - Level 0.6 Armour
 - Level 0.6 Dodging
 - Level 2.0 Unarmed Combat
 - Level 1.5 Spellcasting
 + Level 3.0 Charms


You had 3 spell levels left.
You knew the following spells:

 Your Spells              Type           Power        Failure   Level  Hunger
a - Infusion              Chrm           #.....       21%         1    ##.....


Dungeon Overview and Level Annotations

Branches:
Dungeon (1/15)

Altars:


Innate Abilities, Weirdness & Mutations

You have hooves in place of feet.
Armour fits poorly on your strangely shaped body.
You cover ground very quickly.
You have extremely tough skin (AC +3).


Message History

The kobold barely misses you.
You barely miss the kobold. You kick the kobold.
The kobold is moderately wounded.
The kobold barely misses you.
You miss the kobold.
The kobold is moderately wounded.
The kobold hits you with a mace.
* * * LOW HITPOINT WARNING * * *
You barely miss the kobold. Your kick misses the kobold.
The kobold is moderately wounded.
You barely miss the kobold.
The kobold is moderately wounded.
The kobold closely misses you.
You closely miss the kobold.
The kobold is moderately wounded.
The kobold misses you.
You barely miss the kobold. Your punch misses the kobold.
The kobold is moderately wounded.
The kobold hits you with a mace!
You die...

..# ####...((((....#### ##.## ..#
###...#####(#####...### #..#
..####..#####≈≈≈≈§≈≈#####..####.#
.(.##.### #≈≈§...§.≈§§# ###.###.#
#.##.## #§..........# ##.##.#
#.##.# ######'###### #.##.#
#.#.###### ####8'8#### #####.##.#
..#.##≈$.###.........###...##.#.#
#.#.#≈§§.##.....@.†(..##....#.#.#
..#(#§.§.##....K..(....#...(#.#.#
..#.'≈g..'8.....<(...((....)'...#
..#(#§g..#'............#....#.#.#
#.#.#§§..##...........##....#.#.#
#.#.##≈..###.....(...###...##.#.#
#.##.##### ###8'8#8### #####.##.#
#.##.# ######'###### #.##.#
#.##.## #........K..# ##.##.#


You could see a kobold.

Vanquished Creatures
  2 goblins (D:1)
  5 hobgoblins (D:1)
  5 kobolds (D:1)
  A ball python (D:1)
  2 bats (D:1)
  2 giant newts (D:1)
  A rat (D:1)
18 creatures vanquished.

Notes
Turn   | Place    | Note
--------------------------------------------------------------
     0 | D:1      | derrpe the Centaur Skald began the quest for the Orb.
     0 | D:1      | Reached XP level 1. HP: 17/17 MP: 3/3
   301 | D:1      | Reached XP level 2. HP: 11/25 MP: 4/4
   679 | D:1      | Reached skill level 3 in Charms
   722 | D:1      | Slain by a kobold

Vault maps used:
D:1:      dpeg_arrival_morbid_curiosity

Action                   || total
-------------------------++-------
Melee: Unarmed           ||    81
